 Dungeon Crawl Stone Soup version 0.14-a0-2679-gcb94c3d (webtiles) character file.

208194 thfral the Fencer (level 20, -1/125 (126) HPs)
             Began as a Formicid Abyssal Knight on Feb 13, 2014.
             Was a High Priest of Lugonu.
             Killed from afar by a raiju (18 damage)
             ... with a living lightning
             ... on Level 1 of the Abyss on Feb 17, 2014.
             The game lasted 06:01:38 (54504 turns).

thfral the Fencer (Formicid Abyssal Knight)        Turns: 54504, Time: 06:01:39

HP  -1/125 (126) AC 25     Str 25      XL: 20   Next: 13%
MP  32/32        EV 20     Int 11      God: Lugonu [*****.]
Gold 3759        SH 32     Dex 23      Spells:  2 memorised, 17 levels left

rFire  + . .     SeeInvis +     a - +1 great sword (flame)
rCold  . . .     Clarity  .     h - +0 swamp dragon armour
rNeg   . . .     Conserve .     W - +0 shield {reflect}
rPois  +         rCorr    +     (helmet unavailable)
rElec  .         rRot     .     y - +2 cloak
SustAb . .       Spirit   .     k - +2 pair of gloves {Dex+3}
rMut   .         Warding  .     M - +0 pair of boots
Saprov . . .     Stasis   +     F - amulet "Shryxt Denuyl" {rCorr Str+1 Dex+4}
MR     ++...                    S - ring of poison resistance
                                V - ring "Brieq" {rF+ AC+3 Str+3}

@: drained, very resistant to hostile enchantments, quite stealthy
A: permanent stasis, dig shafts and tunnels, four strong arms, poison weakness,
antennae 3, large bone plates 1, regeneration 1, evolution 1, exoskeleton 1
a: Dig, Shaft Self, Depart the Abyss, Bend Space, Banish, Corrupt, Enter the
Abyss, Renounce Religion
}: 1/15 runes: decaying


You were on level 1 of the Abyss.
You worshipped Lugonu.
Lugonu was extremely pleased with you.
You were not hungry.

You visited 7 branches of the dungeon, and saw 36 of its levels.
You visited the Abyss 2 times.
You also visited: Bailey.

You collected 3920 gold pieces.
You spent 161 gold pieces at shops.

Inventory:

Hand weapons
 a - a +1,+1 great sword of flaming (weapon)
 c - a +0 elven blowgun
Missiles
 m - 49 poisoned needles
 A - 13 curare-tipped needles
 B - 3 silver javelins (quivered)
 E - 18 tomahawks of returning
 K - 3 large rocks
Armour
 h - a +0 swamp dragon armour (worn)
 k - a +2 pair of gloves of dexterity (worn)
 y - a +2 cloak (worn)
 I - the -1 pair of gloves of Luempin {rC+}
   (You bought it in a shop on level 4 of the Orcish Mines)

   It protects you from cold.
 M - a +0 pair of boots (worn)
 W - a +0 shield of reflection (worn)
Magical devices
 i - a wand of disintegration (9)
 v - a wand of paralysis (18)
 C - a wand of cold (7)
 J - a wand of teleportation (7)
 P - a wand of confusion (8)
 R - a wand of disintegration (17)
 X - a wand of cold (4)
 Z - a wand of slowing (13)
Comestibles
 D - 4 meat rations
Scrolls
 d - a scroll of magic mapping
 f - a scroll of recharging
 l - a scroll of fear
 p - a scroll of identify
 u - a scroll of remove curse
Jewellery
 n - a +0,+8 ring of slaying
 q - an uncursed ring of protection from cold
 t - an uncursed amulet of warding
 z - an uncursed ring of protection from cold
 F - the amulet "Shryxt Denuyl" (around neck) {rCorr Str+1 Dex+4}
   (You found it on level 1 of the Elven Halls)

   [amulet of resist corrosion]

   It affects your strength (+1).
   It affects your dexterity (+4).
 G - an uncursed ring of flight
 S - a ring of poison resistance (right hand)
 V - the ring "Brieq" (left hand) {rF+ AC+3 Str+3}
   (You found it on level 5 of the Lair of Beasts)

   [ring of protection]

   It affects your AC (+3).
   It affects your strength (+3).
   It protects you from fire.
Potions
 e - 4 potions of curing
 g - a potion of might
 L - a potion of resistance
 O - a potion of restore abilities
 Y - a potion of agility
Miscellaneous
 j - a fan of gales (inert)
 w - a disc of storms
Rods
 b - a +3 rod of destruction (12/12)
   (You found it on level 6 of the Lair of Beasts)


   Skills:
 - Level 8.2(8.1) Fighting
 - Level 18.0(17.9) Long Blades
 - Level 10.2(10.1) Throwing
 - Level 12.5(12.4) Armour
 - Level 10.4(10.3) Dodging
 + Level 5.6(5.5) Stealth
 * Level 13.8(13.7) Shields
 - Level 10.1(10.0) Invocations
 - Level 10.0(9.9) Evocations


You had 17 spell levels left.
You knew the following spells:

 Your Spells              Type           Power        Failure   Level  Hunger
a - Summon Butterflies    Summ           #.......     34%         1    ##.....
b - Apportation           Tloc           #.........   34%         1    ##.....


Dungeon Overview and Level Annotations

Branches:
Dungeon (16/16)            Temple (1/1) D:4             Orc (4/4) D:9
    Elf (1/3) Orc:3          Lair (8/8) D:8           Swamp (5/5) Lair:4
  Snake (0/5) Lair:6        Slime (0/6) Lair:8       Vaults (1/5) D:14
 Depths (0/6) D:16

Altars:
Dithmenos
Fedhas
Kikubaaqudgha
Nemelex Xobeh
Okawaru
Sif Muna
Vehumet
Xom
Beogh

Shops:
Orc:1 }   Orc:2 ?   Orc:4 ([*:

Annotations:
D:15 exclusion: ice statue
Lair:5 exclusion: oklob plant
Abyss:1 Joseph, Snorg, Wiglaf


Innate Abilities, Weirdness & Mutations

Your are under a permanent stasis effect.
You can dig through walls and to a lower floor.
Your four strong arms can wield any weapon, most with a shield.
You are susceptible to poison.
You have a pair of large antennae on your head (SInv).
Your body is surrounded by an exoskeleton. (AC +1)
You are partially covered in large bone plates (AC +2, SH +2).
Your natural rate of healing is unusually fast.
You evolve.


Message History

An air elemental forms itself from the air!
You block the raiju's attack. The ufetubus misses you. The ufetubus misses you.
The large abomination hits you!
* * * LOW HITPOINT WARNING * * *
An air elemental merges itself into the air.
The raiju misses your air elemental.
An air elemental forms itself from the air!
You slash the large abomination! You burn the large abomination.
The large abomination is severely damaged.
Your air elemental hits the ufetubus!
The ufetubus dies!
The raiju bites you but does no damage.
The raiju completely misses your air elemental.
You slice the large abomination!! You burn the large abomination!
You destroy the large abomination!
The raiju bursts into living lightning!
The living lightning hits you!
* * * LOW HITPOINT WARNING * * *
The living lightning hits you!
You die...

### ##.#####
##....#.##
###........#
##
##..h.E..#.##
#....@E..##..
#..##.#.#.####
#...#.##.h.{#
.. .#. ..
...... . # .
....#.....#.
..... .....
..... . . .
...... .. . .


You could see 2 raiju and 2 friendly air elementals.

Vanquished Creatures
  A tentacled starspawn (Abyss:1)
  2 thorn hunters
  Roxanne (Swamp:3)
  Donald (Swamp:2)
  A fire giant (D:16)
  An orc warlord (Orc:4)
  A vault warden (Vaults:1)
  Jorgrun (Swamp:4)
  2 vault guards
  2 fire dragons (Swamp:5)
  A yaktaur captain (Vaults:1)
  Josephine (D:15)
  18 hydras
  An ogre mage (D:16)
  2 shambling mangroves
  Erica (Lair:4)
  8 alligators
  20 death yaks
  5 centaur warriors
  A plague shambler (D:16)
  An orc high priest (Orc:4)
  Nergalle (Orc:4)
  Erolcha (Orc:4)
  5 deep elf knights (Elf:1)
  2 wretched stars (Abyss:1)
  A catoblepas (Lair:8)
  A fire crab (Swamp:5)
  9 skeletal warriors
  4 large abominations (Abyss:1)
  A flayed ghost (D:16)
  5 swamp dragons
  A harpy (shapeshifter) (D:14)
  2 deep elf summoners (Elf:1)
  Pikel (D:9)
  3 giant amoebae
  2 orc sorcerers
  3 deep elf conjurers (Elf:1)
  9 hill giants
  A swamp dragon (shapeshifter) (D:14)
  2 necromancers
  2 unseen horrors
  A sixfirhy (Abyss:1)
  An oklob plant (Orc:1)
  A red wasp (Swamp:3)
  5 cyclopes
  A frost giant zombie (D:16)
  A griffon (D:16)
  29 slime creatures
  12 elephants
  2 wolf spiders (Vaults:1)
  2 manticores
  A stone giant skeleton (D:16)
  8 orc knights
  6 black mambas
  4 spriggan druids
  A tormentor (Abyss:1)
  4 vapours
  An item mimic (D:9)
  Psyche (D:13)
  5 yaktaurs (Vaults:1)
  21 spiny frogs
  2 feature mimics
  8 fire drakes
  12 giant fireflies
  A redback zombie (D:15)
  A guardian mummy (D:16)
  21 spriggans
  2 centaur zombies
  A polar bear (D:15)
  8 trolls
  2 hydra zombies
  A centaur skeleton (D:15)
  Sonja (D:11)
  A raiju (Abyss:1)
  10 komodo dragons
  9 bog bodies
  Prince Ribbit (Lair:2)
  10 giant leeches
  6 two-headed ogres
  A griffon zombie (D:15)
  A boulder beetle (Lair:6)
  A red wasp zombie (D:15)
  8 basilisks
  13 ravens
  2 trapdoor spiders
  3 baby alligators (Swamp:3)
  2 thorn lotuses
  11 blink frogs
  5 grizzly bears
  A vampire (Vaults:1)
  A water elemental (D:11)
  A fire dragon skeleton (D:15)
  4 sharks
  A griffon skeleton (D:16)
  A trapdoor spider (shapeshifter) (Elf:1)
  A human (shapeshifter) (Vaults:1)
  3 deep elf magi (Elf:1)
  5 shadows
  A hungry ghost (D:11)
  50 yaks
  11 hippogriffs
  2 elephant slugs
  A hill giant zombie (D:8)
  A chaos spawn (Abyss:1)
  4 fire bats (Swamp:5)
  2 wyverns
  A yak (shapeshifter) (D:13)
  A tarantella (Elf:1)
  5 wraiths
  33 ugly things
  24 vampire mosquitoes
  6 deep elf fighters (Elf:1)
  2 ogre zombies
  2 mottled dragons (Swamp:5)
  23 wolves
  2 small abominations (Abyss:1)
  27 orc warriors
  13 ice beasts
  2 necrophages
  29 swamp worms
  A human skeleton (D:14)
  2 soldier ants
  5 porcupines
  8 swamp drakes
  A human (D:7)
  9 black bears
  5 sky beasts
  2 yellow wasps
  15 centaurs
  7 giant goldfish
  13 ogres
  3 phantoms
  A boring beetle (Lair:7)
  A manticore skeleton (D:11)
  18 crocodiles
  5 wargs
  3 lava worms (Swamp:5)
  A big kobold (D:12)
  7 giant slugs
  Blork the orc (D:9)
  30 water moccasins
  7 agate snails
  28 giant frogs
  A yaktaur skeleton (D:16)
  A cyclops zombie (D:9)
  26 insubstantial wisps
  A cyclops skeleton (D:15)
  2 eyes of draining
  7 jellyfish
  12 killer bees
  A lava snake (Swamp:5)
  15 wights
  5 goliath beetles
  3 quasits
  An iron imp (Abyss:1)
  2 jellies
  12 crimson imps
  9 big fish
  15 iguanas
  A giant frog skeleton (D:11)
  A giant frog zombie (D:7)
  6 electric eels
  22 orc priests
  2 scorpions
  42 orc wizards
  8 hounds
  An orange rat (Elf:1)
  Natasha (thrice) (D:5)
  2 grizzly bear simulacra (Lair:5)
  15 worker ants
  7 sheep
  A shapeshifter simulacrum (D:15)
  A brain worm zombie (D:15)
  A sky beast zombie (D:9)
  2 ogre skeletons
  A hound zombie (D:7)
  A mummy (D:7)
  27 adders
  A worker ant zombie (D:10)
  16 gnolls
  82 green rats
  4 hound simulacra (Lair:5)
  A worm zombie (D:8)
  11 giant centipedes
  A giant mite (Lair:7)
  A goliath beetle zombie (D:6)
  2 white imps (D:15)
  11 worms
  An adder zombie (D:5)
  An adder skeleton (D:8)
  An orc skeleton (D:7)
  A giant eyeball (D:9)
  A sheep simulacrum (Lair:5)
  10 giant geckos
  An ooze (D:7)
  163 orcs
  19 bats
  A bat skeleton (D:4)
  A giant cockroach (D:2)
  21 goblins
  21 hobgoblins
  26 jackals
  9 quokkas
  4 giant newts
  30 kobolds
  2 orc zombies
  22 rats
  4 rat simulacra (Lair:5)
  4 ballistomycetes (D:11)
  A briar patch (Swamp:5)
  2 fungi
  5 plants
1550 creatures vanquished.

Vanquished Creatures (collateral kills)
  A raiju (Abyss:1)
  An ufetubus (Abyss:1)
2 creatures vanquished.

Vanquished Creatures (others)
  An eldritch tentacle (Elf:1)
  The ghost of TZer0 the Executioner, a powerful LOBe of Trog (Swamp:5)
  A yaktaur captain (Vaults:1)
  4 hydras
  An unseen horror (D:16)
  A deep elf knight (Elf:1)
  2 swamp dragons (Swamp:5)
  A wolf spider (Lair:7)
  A spiny worm (shapeshifter) (D:14)
  A yaktaur (Vaults:1)
  7 black mambas
  A shadow (Swamp:5)
  2 vampire mosquitoes (Swamp:1)
  6 swamp drakes (Swamp:5)
  A slave (D:11)
  A human (D:8)
  A giant spore (D:11)
  A briar patch (Swamp:5)
  109 eldritch tentacle segments (Elf:1)
  5 fungi
  5 plants
  2 starspawn tentacles (Abyss:1)
155 creatures vanquished.

Grand Total: 1707 creatures vanquished

Notes
Turn   | Place    | Note
--------------------------------------------------------------
     0 | Abyss:1  | thfral, the Formicid Abyssal Knight, began the quest for the Orb.
     0 | Abyss:1  | Reached XP level 1. HP: 16/16 MP: 1/1
    50 | Abyss:1  | Noticed a large abomination
    63 | D:1      | Escaped the Abyss
   149 | D:1      | Reached XP level 2. HP: 5/21 MP: 2/2
   750 | D:1      | Reached XP level 3. HP: 26/26 MP: 4/4
  1015 | D:2      | Acquired Lugonu's second power
  1033 | D:2      | Found a shadowy altar of Dithmenos.
  1190 | D:2      | Reached XP level 4. HP: 20/31 MP: 4/6
  2103 | D:3      | Reached XP level 5. HP: 36/36 MP: 8/8
  2145 | D:3      | Reached skill level 4 in Long Blades
  2722 | D:3      | Acquired Lugonu's third power
  2935 | D:4      | Reached XP level 6. HP: 42/42 MP: 8/10
  2982 | D:4      | Noticed an ogre
  2985 | D:4      | Killed an ogre
  2985 | D:4      | Reached skill level 5 in Long Blades
  3269 | D:4      | Reached XP level 7. HP: 46/46 MP: 13/13
  3386 | D:4      | Reached skill level 5 in Invocations
  3554 | D:4      | Found a staircase to the Ecumenical Temple.
  3564 | Temple   | Entered the Ecumenical Temple
  3621 | D:5      | Entered Level 5 of the Dungeon
  3679 | D:5      | Reached skill level 6 in Long Blades
  3719 | D:5      | Acquired Lugonu's fourth power
  3772 | D:5      | Noticed Natasha
  3786 | D:5      | Killed Natasha
  3808 | D:5      | Reached XP level 8. HP: 45/52 MP: 13/15
  3854 | D:5      | Reached skill level 7 in Long Blades
  3900 | D:5      | Noticed Natasha
  3908 | D:5      | Killed Natasha
  4024 | D:5      | Noticed Natasha
  4042 | D:5      | Killed Natasha
  4207 | D:5      | Found an iron altar of Okawaru.
  4393 | D:5      | Reached skill level 8 in Long Blades
  4520 | D:5      | Reached skill level 9 in Long Blades
  4693 | D:5      | Reached XP level 9. HP: 38/55 MP: 17/17
  4797 | D:6      | Reached skill level 1 in Shields
  5281 | D:6      | Acquired Lugonu's fifth power
  5800 | D:7      | Found a shimmering altar of Xom.
  5800 | D:7      | Found a shimmering altar of Xom.
  5898 | D:7      | Reached skill level 5 in Shields
  5916 | D:7      | Reached skill level 1 in Dodging
  5973 | D:7      | Noticed Joseph
  5994 | D:7      | Banished Joseph
  5994 | D:7      | Reached XP level 10. HP: 5/62 MP: 13/18
  6312 | D:7      | Reached skill level 10 in Long Blades
  6734 | D:7      | Reached skill level 5 in Dodging
  7202 | D:8      | Found a staircase to the Lair.
  7416 | D:8      | Found a flagged portal.
  7436 | Bailey   | Entered a bailey
  8201 | D:8      | Reached XP level 11. HP: 43/66 MP: 20/20
  8640 | D:8      | Found an ancient bone altar of Kikubaaqudgha.
  8780 | Lair:1   | Entered Level 1 of the Lair of Beasts
  8781 | Lair:1   | Reached skill level 11 in Long Blades
  8901 | Lair:1   | Reached skill level 1 in Throwing
 10482 | Lair:1   | Upgraded the game from 0.14-a0-2604-g6f603d6 to 0.14-a0-2618-g5301534
 11023 | Lair:2   | Reached skill level 5 in Throwing
 11079 | Lair:2   | HP: 3/66 [poisoned by a spiny frog]
 11084 | Lair:2   | HP: 1/66 [poisoned by a spiny frog]
 11656 | Lair:2   | Identified a scroll of acquirement
 11914 | Lair:3   | Noticed Prince Ribbit
 11975 | Lair:2   | Killed Prince Ribbit
 12546 | Lair:3   | Reached XP level 12. HP: 64/74 MP: 21/21
 12574 | Lair:3   | Reached skill level 12 in Long Blades
 12586 | Lair:3   | Reached skill level 5 in Fighting
 12935 | Lair:3   | Noticed a seven-headed hydra
 12940 | Lair:3   | Banished a seven-headed hydra
 14210 | Lair:4   | Noticed a death yak
 14213 | Lair:4   | Noticed a death yak
 14214 | Lair:4   | Noticed a death yak
 14215 | Lair:4   | Noticed a death yak
 14216 | Lair:4   | Noticed a death yak
 14390 | Lair:4   | Noticed an eight-headed hydra
 14472 | Lair:3   | Banished an eight-headed hydra
 14751 | Lair:4   | Noticed Erica
 14765 | Lair:4   | Killed Erica
 14765 | Lair:4   | Reached skill level 13 in Long Blades
 14924 | Lair:4   | Found a staircase to the Swamp.
 15072 | Lair:3   | Killed a death yak
 15083 | Lair:3   | Killed a death yak
 15083 | Lair:3   | Reached XP level 13. HP: 49/82 MP: 22/22
 15228 | Lair:3   | Killed a death yak
 15246 | Lair:3   | Killed a death yak
 15521 | Lair:4   | Killed a death yak
 16316 | Lair:4   | Noticed an eight-headed hydra
 16339 | Lair:4   | Banished an eight-headed hydra
 16670 | Lair:4   | Reached skill level 14 in Long Blades
 17111 | Lair:4   | Reached skill level 10 in Dodging
 17231 | Lair:5   | Noticed a six-headed hydra
 17246 | Lair:5   | Killed a four-headed hydra
 17842 | Lair:5   | Got a shimmering iron ring
 18096 | Lair:5   | Noticed a seven-headed hydra
 18109 | Lair:5   | Killed a three-headed hydra
 18690 | Lair:5   | Learned a level 1 spell: Summon Butterflies
 19312 | Lair:6   | Identified the ring "Brieq" {rF+ AC+3 Str+3} (You found it on level 5 of the Lair of Beasts)
 19487 | Lair:6   | Reached XP level 14. HP: 66/89 MP: 23/23
 19896 | Lair:6   | Found a staircase to the Snake Pit.
 20025 | Lair:6   | HP: 4/89 [poisoned by a black mamba]
 20029 | Lair:6   | HP: 1/89 [poisoned by a black mamba]
 20475 | Lair:6   | Noticed an eight-headed hydra
 20480 | Lair:6   | Killed a five-headed hydra
 21372 | Lair:6   | Identified a +3 rod of destruction (12/12) (You found it on level 6 of the Lair of Beasts)
 21974 | Lair:7   | Reached skill level 15 in Long Blades
 22291 | Lair:7   | HP: 2/89 [wolf spider (18)]
 22294 | Lair:7   | Reached skill level 10 in Shields
 23191 | Lair:7   | HP: 4/89 [spatial distortion (1)]
 24880 | Lair:7   | Reached XP level 15. HP: 93/93 MP: 25/25
 24974 | Lair:8   | Entered Level 8 of the Lair of Beasts
 25008 | Lair:8   | Noticed an azure jelly
 25010 | Lair:8   | Found a staircase to the Slime Pits.
 25625 | Lair:8   | Reached skill level 16 in Long Blades
 25689 | Lair:8   | Gained mutation: You evolve. [potion of beneficial mutation]
 25691 | Lair:8   | Gained mutation: You are partially covered in large bone plates (AC +2, SH +2). [potion of beneficial mutation]
 27147 | Lair:8   | Reached skill level 10 in Invocations
 27249 | Lair:8   | Gained mutation: You have a fast metabolism. [evolution]
 28175 | D:9      | Noticed Blork the orc
 28201 | D:9      | Killed Blork the orc
 28209 | D:9      | Found a deep blue altar of Sif Muna.
 28244 | D:9      | Noticed Pikel
 28260 | D:9      | Killed Pikel
 28448 | D:9      | Reached skill level 17 in Long Blades
 28459 | D:9      | Found a staircase to the Orcish Mines.
 28472 | D:9      | Found a roughly hewn altar of Beogh.
 28566 | D:10     | Entered Level 10 of the Dungeon
 29227 | D:11     | Reached XP level 16. HP: 94/100 MP: 29/29
 29579 | D:11     | Got a shimmering plate armour
 29580 | D:11     | Identified the +4 plate armour of the Lobster {Dex+1 Int-2} (You took it off an orc warrior on level 11 of the Dungeon)
 30415 | D:11     | Noticed Sonja
 30816 | D:11     | Killed Sonja
 30915 | D:12     | Reached skill level 5 in Armour
 31393 | D:12     | Found a shimmering altar of Xom.
 31826 | D:13     | Noticed Psyche
 31835 | D:13     | Killed Psyche
 32102 | D:13     | Learned a level 1 spell: Apportation
 33343 | D:14     | Found a gate to the Vaults.
 33880 | D:8      | Gained mutation: You rapidly evolve. [evolution]
 34050 | D:14     | Reached XP level 17. HP: 106/106 MP: 30/30
 34739 | D:15     | Entered Level 15 of the Dungeon
 34744 | D:15     | Reached skill level 10 in Armour
 35578 | D:15     | Noticed Josephine
 36137 | D:15     | Reached skill level 18 in Long Blades
 36284 | D:15     | Killed Josephine
 37045 | D:15     | Noticed Snorg
 37065 | D:15     | Banished Snorg
 37421 | D:16     | Entered Level 16 of the Dungeon
 37709 | D:15     | Lost mutation: You have a fast metabolism. [evolution]
 37709 | D:15     | Lost mutation: You rapidly evolve. [end of evolution]
 38134 | D:16     | Found a staircase to the Depths.
 39257 | Orc:1    | Entered Level 1 of the Orcish Mines
 39412 | Orc:1    | Found a radiant altar of Vehumet.
 39445 | Orc:1    | Found Prich's Gadget Emporium.
 40291 | Orc:2    | Found Coridghow's Magic Scroll Boutique.
 40463 | Orc:2    | Found a roughly hewn altar of Beogh.
 40826 | Orc:3    | Found a staircase to the Elven Halls.
 41380 | Orc:4    | Entered Level 4 of the Orcish Mines
 41775 | Orc:4    | Noticed Nergalle
 41786 | Orc:4    | Killed Nergalle
 41789 | Orc:4    | Reached XP level 18. HP: 92/115 MP: 31/31
 42255 | Orc:4    | Found a roughly hewn altar of Beogh.
 42536 | Orc:4    | Reached skill level 1 in Evocations
 42545 | Orc:4    | Found Uhutoin's Book Shoppe.
 42786 | Orc:4    | Found Osame's General Store.
 42846 | Orc:4    | Found Acrotist's Antique Weapon Shoppe.
 42863 | Orc:4    | Found Hunkylla's Antique Armour Shoppe.
 42874 | Orc:4    | Bought a pair of pitted gloves for 161 gold pieces
 42883 | Orc:4    | Identified the cursed -1 pair of gloves of Luempin {rC+} (You bought it in a shop on level 4 of the Orcish Mines)
 43142 | Orc:4    | Noticed Erolcha
 43149 | Orc:4    | Killed Erolcha
 43305 | Elf:1    | Entered Level 1 of the Elven Halls
 44047 | Elf:1    | Got a twitching ruby amulet
 44191 | Elf:1    | Reached skill level 5 in Evocations
 44364 | Lair:1   | Upgraded the game from 0.14-a0-2618-g5301534 to 0.14-a0-2644-gcc8e764
 44379 | Lair:1   | Identified the amulet "Shryxt Denuyl" {rCorr Str+1 Dex+4} (You found it on level 1 of the Elven Halls)
 44614 | Swamp:1  | Entered Level 1 of the Swamp
 45367 | Swamp:1  | Gained mutation: Your natural rate of healing is unusually fast. [evolution]
 46035 | Swamp:2  | Noticed Donald
 46051 | Swamp:2  | Killed Donald
 47153 | Swamp:3  | Noticed Roxanne
 47246 | Swamp:3  | Killed Roxanne
 47258 | Swamp:3  | Identified Roxanne's Reference Book on the Rocks (You took it off Roxanne on level 3 of the Swamp)
 47908 | Swamp:3  | Reached XP level 19. HP: 120/120 MP: 31/31
 48298 | Swamp:3  | Reached skill level 10 in Throwing
 49798 | Swamp:4  | Noticed Jorgrun
 49813 | Swamp:4  | Killed Jorgrun
 50210 | Swamp:5  | Entered Level 5 of the Swamp
 50225 | Swamp:5  | Noticed Wiglaf
 50252 | Swamp:5  | Banished Wiglaf
 51138 | Swamp:5  | Reached skill level 10 in Evocations
 51255 | Swamp:5  | Noticed TZer0's ghost (powerful LOBe)
 51520 | Swamp:5  | Reached skill level 1 in Stealth
 51949 | Swamp:5  | Got a decaying rune of Zot
 52176 | Swamp:5  | Banished TZer0's ghost
 52651 | Lair:1   | Upgraded the game from 0.14-a0-2644-gcc8e764 to 0.14-a0-2679-gcb94c3d
 52864 | Vaults:1 | Entered Level 1 of the Vaults
 54152 | Vaults:1 | Reached XP level 20. HP: 82/125 MP: 32/32
 54354 | Abyss:1  | Reached skill level 5 in Stealth
 54361 | Abyss:1  | Noticed a tentacled starspawn
 54376 | Abyss:1  | Killed a tentacled starspawn
 54504 | Abyss:1  | Killed from afar by a raiju

Action                   |  1- 3 |  4- 6 |  7- 9 | 10-12 | 13-15 | 16-18 | 19-21 || total
-------------------------+-------+-------+-------+-------+-------+-------+-------++-------
Melee: Falchion          |    56 |   113 |     3 |       |       |       |       ||   172
       Long sword        |       |    42 |   302 |    24 |       |       |       ||   368
       Great sword       |       |       |       |   807 |   576 |  1995 |   863 ||  4241
       Scimitar          |       |       |       |    45 |   558 |   131 |       ||   734
 Fire: Blowgun           |       |       |       |       |       |       |     1 ||     1
Throw: Javelin           |       |     3 |       |     4 |    16 |    50 |     8 ||    81
       Tomahawk          |       |       |       |    75 |   295 |   376 |       ||   746
       Dart              |       |       |       |     1 |       |       |       ||     1
       Large rock        |       |       |       |       |       |    26 |       ||    26
Invok: Banish            |       |       |     1 |     7 |    17 |     5 |     6 ||    36
       Bend Space        |       |       |       |     1 |    11 |     2 |     6 ||    20
       Enter the Abyss   |       |       |       |       |       |       |     1 ||     1
 Abil: Dig               |     5 |       |     4 |     6 |    10 |     8 |     4 ||    37
       Evoke Flight      |       |       |       |       |     1 |     1 |       ||     2
       Stop Flying       |       |       |       |       |       |     1 |       ||     1
Evoke: Wand              |       |       |     1 |     2 |     4 |     1 |     6 ||    14
       Disc of storms    |       |       |       |     1 |     2 |       |     2 ||     5
       Deck              |       |       |       |       |       |     2 |       ||     2
       Rod               |       |       |       |       |       |       |     4 ||     4
       Fan of gales      |       |       |       |       |       |       |     1 ||     1
  Use: Scroll            |       |     9 |     9 |    10 |    10 |    10 |     4 ||    52
       Potion            |       |       |     2 |     7 |    10 |     3 |     4 ||    26
 Stab: Distracted        |       |       |       |       |       |     1 |     1 ||     2
       Sleeping          |       |       |       |       |       |       |     1 ||     1
